 Dungeon Crawl Stone Soup version 0.19-a0-627-g7ac35de (webtiles) character file.

2564 Kenran the Grappler (level 9, -5/79 HPs)
             Began as a Ghoul Fighter on June 13, 2016.
             Was a Priest of Makhleb.
             Slain by therealpatrickswayze's ghost (20 damage)
             ... on level 8 of the Dungeon.
             The game lasted 00:16:23 (6807 turns).

Kenran the Grappler (Ghoul Fighter)                 Turns: 6807, Time: 00:16:23

Health: -5/79      AC: 10    Str: 25    XL:     9   Next: 57%
Magic:  8/8        EV:  6    Int:  3    God:    Makhleb [***...]
Gold:   288        SH: 10    Dex: 11    Spells: 1 memorised, 5 levels left

rFire  + . .     SeeInvis .       - Unarmed
rCold  + . .     Gourm    .     p - +0 chain mail
rNeg   + + +     Faith    .     b - +0 shield
rPois  ∞         Spirit   .     (no helmet)
rElec  .         Dismiss  .     o - +0 cloak
rCorr  .         Reflect  .     (no gloves)
SustAt .         Harm     .     (no boots)
MR     .....                    (no amulet)
Stlth  ..........               f - ring of stealth
                                h - ring of protection from fire

@: mighty, rotting, not resistant to hostile enchantments, extremely unstealthy
A: rotting body, claws 1, carnivore 3, cold resistance 1, negative energy
resistance 3, slow regeneration 1, torment resistance, unbreathing
a: Minor Destruction, Lesser Servant of Makhleb, Renounce Religion


You were on level 8 of the Dungeon.
You worshipped Makhleb.
Makhleb was most pleased with you.
You were not hungry.

You visited 1 branch of the dungeon, and saw 8 of its levels.

You collected 288 gold pieces.

Inventory:

Missiles
 m - 9 tomahawks (quivered)
Armour
 b - a +0 shield (worn)
 o - a +0 cloak (worn)
 p - a +0 chain mail (worn)
Jewellery
 f - a ring of stealth (right claw)
 h - a ring of protection from fire (left claw)
 B - a +2 ring of dexterity {unknown}
Wands
 D - a wand of iceblast (5/15)
Scrolls
 n - 3 scrolls of noise {!r}
 q - a scroll of teleportation {@r4}
 s - 3 scrolls of recharging
 t - a scroll of silence
 v - 4 scrolls of remove curse {@r2}
 w - a scroll of magic mapping
 y - 2 scrolls of enchant weapon
 z - a scroll of blinking {unknown}
 C - a scroll of immolation {!r}
Potions
 e - a potion of haste {unknown}
 i - 3 potions of curing {@q1}
 j - 2 potions of brilliance
 k - 4 potions of heal wounds {unknown}
 l - 4 potions of flight {unknown}
 r - a potion of magic {unknown}
 u - a potion of degeneration {unknown}
 x - 2 potions of resistance
Books
 a - a book of Summonings

   Spells                             Type                      Level
   a - Recall                         Summoning/Translocation      3
   b - Aura of Abjuration             Summoning                    5
   c - Summon Demon                   Summoning                    5
   d - Summon Forest                  Summoning/Translocation      5
   e - Summon Mana Viper              Hexes/Summoning              5
   f - Shadow Creatures               Summoning                    6
 A - a book of Spatial Translocations

   Spells                             Type                      Level
   a - Apportation                    Translocation                1
   b - Blink                          Translocation                2
   c - Shroud of Golubria             Charms/Translocation         2
   d - Portal Projectile              Translocation                3
   e - Teleport Other                 Translocation                3
   f - Passage of Golubria            Translocation                4
Comestibles
 d - 5 meat rations {@e1}
 g - 9 chunks of flesh


   Skills:
 - Level 7.1 Fighting
 - Level 2.6 Armour
 - Level 4.1 Shields
 + Level 11.7 Unarmed Combat


You had 5 spell levels left.
You knew the following spells:

 Your Spells              Type           Power        Failure   Level  Hunger
a - Portal Projectile     Tloc           #.....       100%        3    ####...


Dungeon Overview and Level Annotations

Branches:
Dungeon (8/15)             Temple (0/1) D:5
   Lair: D:8-11

Altars:
Dithmenos
Elyvilon
Hepliaklqana
Kikubaaqudgha
Makhleb
Nemelex Xobeh
Okawaru
Pakellas
Ru
Trog
Zin

Annotations:
D:8 therealpatrickswayze's ghost, novice OgHu


Innate Abilities, Weirdness & Mutations

Your body is rotting away.
You thrive on raw meat.
You are immune to poison.
You have sharp fingernails.
You are carnivorous and can eat meat at any time.
Your flesh is cold resistant. (rC+)
You are immune to negative energy. (rN+++)
You regenerate slowly when monsters are visible.
You are immune to unholy pain and torment.
You can survive without breathing.


Message History

Eat one of 12 chunks of flesh? (ye/n/q/i?) This raw flesh tastes great!
Therealpatrickswayze's ghost hits you.
You continue eating.
Therealpatrickswayze's ghost hits you but does no damage.
You continue eating.
Therealpatrickswayze's ghost barely misses you.
Eat one of 11 chunks of flesh? (ye/n/q/i?) This raw flesh tastes great!
Therealpatrickswayze's ghost hits you but does no damage.
You continue eating.
Therealpatrickswayze's ghost hits you but does no damage.
You continue eating.
Therealpatrickswayze's ghost hits you!!
* * * LOW HITPOINT WARNING * * *
Okay, then.
You feel very mighty all of a sudden.
You block therealpatrickswayze's ghost's attack.
Eat one of 10 chunks of flesh? (ye/n/q/i?) This raw flesh tastes great!
Therealpatrickswayze's ghost hits you!!
You die...

....#...##...#####'###
....#.................
...#.................
..#................. #.
#.##'###............
#..####.##..##..##.##..###
#.....÷.....##..##.##+## #
#...)............[..
#........@W.........
###..##..##.###.#### ###
####### #


You could see therealpatrickswayze's ghost.

Vanquished Creatures
  Edmund (D:5)
  2 ice beasts
  A black bear (D:6)
  2 ogres
  A phantom (D:7)
  3 centaurs
  2 giant frogs (D:8)
  A wyvern zombie (D:7)
  2 scorpions
  A wyvern skeleton (D:6)
  A howler monkey (D:6)
  4 crimson imps
  2 centaur zombies
  5 orc priests
  3 hounds
  6 orc wizards
  2 centaur skeletons (D:5)
  2 giant frog skeletons
  5 iguanas
  2 worker ants
  8 gnolls
  9 adders
  7 river rats (D:6)
  4 shadow imps
  2 oozes
  2 worms
  3 dart slugs
  4 giant geckos
  23 orcs
  4 bats
  5 giant cockroaches
  7 goblins
  9 hobgoblins
  6 jackals
  14 kobolds
  6 quokkas
  4 ball pythons
  5 giant newts
  A jackal zombie (D:8)
  24 rats
195 creatures vanquished.

Notes
Turn   | Place    | Note
--------------------------------------------------------------
     0 | D:1      | Kenran the Ghoul Fighter began the quest for the Orb.
     0 | D:1      | Reached XP level 1. HP: 19/19 MP: 0/0
    55 | D:1      | Reached XP level 2. HP: 9/26 MP: 1/1
    56 | D:1      | Reached skill level 3 in Unarmed Combat
   428 | D:1      | Reached XP level 3. HP: 30/30 MP: 2/2
   730 | D:2      | Reached skill level 4 in Unarmed Combat
   866 | D:2      | Reached XP level 4. HP: 38/38 MP: 3/3
   910 | D:2      | Found a sacrificial altar of Ru.
  1031 | D:2      | Found an ancient bone altar of Kikubaaqudgha.
  1266 | D:2      | Found a hazy altar of Hepliaklqana.
  1402 | D:3      | Reached skill level 5 in Unarmed Combat
  1656 | D:3      | Reached XP level 5. HP: 45/45 MP: 4/4
  1791 | D:3      | Reached skill level 6 in Unarmed Combat
  2189 | D:4      | Found a burning altar of Makhleb.
  2191 | D:4      | Found a glowing silver altar of Zin.
  2191 | D:4      | Noticed an angel
  2191 | D:4      | Noticed a cacodemon
  2194 | D:4      | Became a worshipper of Makhleb the Destroyer
  2212 | D:4      | Reached XP level 6. HP: 45/51 MP: 5/5
  2297 | D:4      | Found a shadowy altar of Dithmenos.
  3150 | D:5      | Entered Level 5 of the Dungeon
  3166 | D:5      | Noticed Edmund
  3195 | D:5      | Killed Edmund
  3195 | D:5      | Reached skill level 5 in Fighting
  3195 | D:5      | Reached XP level 7. HP: 31/61 MP: 6/6
  3317 | D:5      | Found a staircase to the Ecumenical Temple.
  3768 | D:5      | Reached XP level 8. HP: 66/73 MP: 7/7
  3810 | D:5      | Reached * piety under Makhleb
  3844 | D:5      | Reached skill level 7 in Unarmed Combat
  4288 | D:5      | Reached skill level 8 in Unarmed Combat
  4612 | D:6      | Reached ** piety under Makhleb
  4612 | D:6      | Reached skill level 9 in Unarmed Combat
  4726 | D:6      | Found an iron altar of Okawaru.
  4727 | D:6      | Found a bloodstained altar of Trog.
  4823 | D:6      | Found a sparkling altar of Nemelex Xobeh.
  5284 | D:6      | Reached XP level 9. HP: 75/79 MP: 8/8
  5346 | D:6      | Reached skill level 10 in Unarmed Combat
  5663 | D:7      | Reached *** piety under Makhleb
  6071 | D:7      | Reached skill level 11 in Unarmed Combat
  6425 | D:7      | Found an oddly glowing altar of Pakellas.
  6522 | D:7      | Learned a level 3 spell: Portal Projectile
  6739 | D:8      | Found a white marble altar of Elyvilon.
  6783 | D:8      | Noticed therealpatrickswayze's ghost (novice OgHu)
  6807 | D:8      | Slain by therealpatrickswayze's ghost

Vault maps used:
D:1:      dpeg_arrival_lava_altar
D:2:      nicolae_ru_awakened_eye, nicolae_overflow_hidden_temple,
          kiku_gazebo_pond_becter, st_stairs_11, kennysheep_generic_room_4
D:3:      first_bread
D:4:      grunt_temple_overflow_order_and_chaos_2,
          nicolae_dithmenos_the_darkroom
D:5:      minmay_temple_entry_poolview, kennysheep_boxes, uniq_edmund
D:6:      grunt_temple_overflow_bloody_war, basic_altar, dk_rats_in_the_wall
D:7:      old_standard_altar
D:8:      kennysheep_mini

Skill      XL: |  1  2  3  4  5  6  7  8  9 |
---------------+----------------------------+-----
Unarmed Combat | 3 4 5 6 9 11 | 11.7
Shields        | 3 4 |  4.1
Fighting       | 5 7 |  7.1
Armour         | |  2.6

Action                   |  1- 3 |  4- 6 |  7- 9 || total
-------------------------+-------+-------+-------++-------
Melee: Unarmed           |   127 |   216 |   392 ||   735
       Punch             |       |     1 |       ||     1
  Use: Scroll            |     4 |     6 |     6 ||    16
       Potion            |       |       |     1 ||     1
  Eat: Chunk             |    10 |     8 |    22 ||    40
Armor: Scale mail        |    45 |    22 |       ||    67
       Chain mail        |       |    37 |   166 ||   203
Dodge: Dodged            |    31 |    45 |    67 ||   143
Block: Shield            |    41 |    74 |   169 ||   284
